 Dungeon Crawl Stone Soup version 0.28.0-43-g3370ac3207 (webtiles) character file.

Game seed: 16258044130251292267

775 H0rd4k the Thaumaturge (level 7, -5/36 HPs)
             Began as a Deep Elf Hedge Wizard on Mar 28, 2022.
             Killed from afar by an acid dragon (21 damage)
             ... with a splash of acid
             ... on level 5 of the Dungeon.
             The game lasted 00:06:49 (5890 turns).

H0rd4k the Thaumaturge (Deep Elf Hedge Wizard)      Turns: 5890, Time: 00:06:49

Health: -5/36      AC:  2    Str:  7    XL:     7   Next: 54%
Magic:  14/21      EV: 13    Int: 27    God:
Gold:   129        SH:  0    Dex: 14    Spells: 14/23 levels left

rFire   . . .      SeeInvis .   n - +0 dagger (venom)
rCold   . . .      Faith    .   (no shield)
rNeg    . . .      Spirit   .   b - +0 robe
rPois   +          Reflect  .   c - +0 hat
rElec   .          Harm     .   (no cloak)
rCorr   .          Rampage  .   (no gloves)
Will    .....                   (no boots)
Stlth   ++........              (no amulet)
HPRegen 0.12/turn               g - ring of poison resistance
MPRegen 0.17/turn               o - +6 ring of intelligence

@: studying Transmutations
A: no striking features
a: no special abilities


You were on level 5 of the Dungeon.
You visited 1 branch of the dungeon, and saw 5 of its levels.

You collected 129 gold pieces.

Inventory:

Hand Weapons
 n - a +0 dagger of venom (weapon)
Armour
 b - a +0 robe (worn)
 c - a +0 hat (worn)
Jewellery
 g - a ring of poison resistance (left hand)
 j - an amulet of faith
 o - a +6 ring of intelligence (right hand)
Wands
 h - a wand of flame (12)
 l - a wand of charming (7)
Scrolls
 d - 4 scrolls of identify {unknown}
 e - 2 scrolls of teleportation {unknown}
 m - a scroll of torment {unknown}
 p - a scroll of fog {unknown}
 q - a scroll of vulnerability {unknown}
Potions
 a - a potion of haste {unknown}
 f - a potion of heal wounds {unknown}
 i - a potion of invisibility {unknown}
 k - a potion of magic {unknown}


   Skills:
 + Level 0.2 Fighting
 + Level 1.4 Short Blades
 + Level 3.3 Dodging
 - Level 2.4 Stealth
 + Level 8.5 Spellcasting
 + Level 4.8 Conjurations
 + Level 1.5 Summonings
 + Level 1.2 Translocations
 + Level 1.6 Fire Magic
 + Level 1.9 Air Magic
 + Level 1.3 Poison Magic
 + Level 0.1 Evocations


You had 14 spell levels left.
You knew the following spells:

 Your Spells              Type           Power      Damage    Failure   Level
a - Magic Dart            Conj           100%       1d8       1%          1
b - Blink                 Tloc           36%        N/A       4%          2
c - Conjure Flame         Conj/Fire      28%        6-21      4%          3
d - Mephitic Cloud        Conj/Pois/Air  26%        N/A       4%          3

Your spell library contained the following spells:

 Spells                   Type           Power      Damage    Failure   Level
 Shock                    Conj/Air       100%       1d9       1%          1
 Beastly Appendage        Tmut           22%        N/A       4%          1
 Slow                     Hex            44%        N/A       4%          1
 Call Imp                 Summ           20%        N/A       4%          2
 Swiftness                Air            21%        N/A       7%          3
 Wereblood                Tmut           11%        N/A       8%          2
 Spider Form              Tmut/Pois      15%        N/A       12%         3
 Airstrike                Air            10%        N/A       22%         4
 Dispersal                Tloc           9%         N/A       99%         6
 Disjunction              Tloc           9%         N/A       100%        8


Dungeon Overview and Level Annotations

Branches:
Dungeon (5/15)             Temple (0/1) D:5

Altars:
Cheibriados
Okawaru
Uskayaw
The Shining One

Annotations:
D:3 exclusion: downstairs
D:4 exclusion: downstairs


Message History

The scorpion is engulfed in noxious fumes.
The scorpion appears confused.
The magic dart hits the scorpion.
The scorpion is moderately wounded.
The scorpion is engulfed in noxious fumes.
The scorpion appears confused.
The scorpion is engulfed in noxious fumes.
The scorpion appears confused.
The scorpion is engulfed in noxious fumes.
The scorpion appears confused.
The scorpion is engulfed in blazing flames.
The scorpion misses you.
The scorpion is engulfed in blazing flames.
You kill the scorpion!
An ice beast and an acid dragon come into view.
There are monsters nearby!
The magic dart hits the acid dragon.
The acid dragon is lightly wounded.
The acid dragon roars!
Casting: Magic Dart (safe; 1% risk of failure)
Confirm with . or Enter, or press ? or * to list all spells.
You miscast Conjure Flame.
You are very lightly contaminated with residual magic.
Nothing appears to happen.
Casting: Conjure Flame (dangerous; 4% risk of failure)
Confirm with . or Enter, or press ? or * to list all spells.
You blink.
Casting: Blink (safe; 4% risk of failure)
Confirm with . or Enter, or press ? or * to list all spells.
The fire begins to smoulder!
The acid dragon spits acid at you. The splash of acid hits you!!
Ouch! That really hurt!
The fire ignites!
You feel stable enough to blink again.
Your magical contamination has completely faded away.
The acid dragon spits acid at you. The splash of acid hits you!!
Ouch! That really hurt!
You die...

#############################
.......†........@....§DY....#
##########################.##
.##...# ...# ##...# .##...#
.⌠.# #..### .##...###...####
#..# .##............# #D..#
.##....⌠..>..⌠.. ...###
................ ..Y..
......###...###........


You could see an acid dragon (catching breath) and an ice beast.

Vanquished Creatures
  2 necrophages (D:5)
  2 scorpions
  3 hounds
  A jelly (D:5)
  A centaur skeleton (D:5)
  4 iguanas
  Ijyb (D:4)
  Terence (D:3)
  A hound skeleton (D:5)
  4 gnolls (D:3)
  6 adders
  An ufetubus (D:4)
  An adder skeleton (D:2)
  2 worms
  2 dart slugs (D:1)
  3 orcs (D:5)
  7 bats
  3 endoplasms
  2 giant cockroaches
  4 goblins
  10 hobgoblins
  2 jackals (D:1)
  2 quokkas
  6 ball pythons
  4 frilled lizards
  6 kobolds
  4 rats
85 creatures vanquished.

Notes
Turn   | Place    | Note
-------+----------+-------------------------------------------
     0 | D:1      | H0rd4k the Deep Elf Hedge Wizard began the quest for the
                  | Orb.
     0 | D:1      | Reached XP level 1. HP: 10/10 MP: 7/7
   213 | D:1      | Reached XP level 2. HP: 15/15 MP: 3/9
   294 | D:1      | Found a faded altar of an unknown god.
   720 | D:1      | Reached skill level 5 in Spellcasting
  1039 | D:1      | Reached XP level 3. HP: 19/19 MP: 8/11
  1042 | D:1      | Learned a level 2 spell: Blink
  1046 | D:1      | Learned a level 3 spell: Conjure Flame
  1050 | D:1      | Learned a level 3 spell: Mephitic Cloud
  2423 | D:3      | Found a glowing golden altar of the Shining One.
  2428 | D:3      | Reached skill level 1 in Poison Magic
  2428 | D:3      | Reached XP level 4. HP: 24/24 MP: 8/13
  2474 | D:3      | Found a snail-covered altar of Cheibriados.
  2475 | D:3      | Found an iron altar of Okawaru.
  2475 | D:3      | Found a hide-covered altar of Uskayaw.
  2789 | D:3      | Noticed Terence
  2798 | D:3      | Killed Terence
  2799 | D:3      | Reached skill level 6 in Spellcasting
  2799 | D:3      | Reached XP level 5. HP: 28/28 MP: 7/15
  2956 | D:3      | Reached skill level 1 in Air Magic
  3020 | D:3      | Reached skill level 1 in Fire Magic
  4012 | D:4      | Reached skill level 1 in Short Blades
  4170 | D:4      | Noticed Ijyb
  4188 | D:4      | Killed Ijyb
  4337 | D:4      | Reached XP level 6. HP: 29/32 MP: 7/17
  5147 | D:5      | Entered Level 5 of the Dungeon
  5319 | D:5      | Reached skill level 7 in Spellcasting
  5319 | D:5      | Reached XP level 7. HP: 36/36 MP: 5/19
  5588 | D:5      | Reached skill level 8 in Spellcasting
  5714 | D:5      | Found a staircase to the Ecumenical Temple.
  5890 | D:5      | Killed from afar by an acid dragon

Illustrated notes

Levels and vault maps discovered:
D:1:      tarquinn_simple_flora_water_e, layout_rooms,
          ebering_ecumenical_altar_webs
D:2:      layout_basic
D:3:      layout_basic, chequers_temple_overflow_statue_of_worship, uniq_terence
D:4:      layout_rooms, eino_small_chamber_without_monster, bh_walls_and_bars,
          uniq_ijyb
D:5:      layout_rooms, minmay_temple_entry_junction, minmay_manual_monstrance

Skill      XL: |  1  2  3  4  5  6  7 |
---------------+----------------------+-----
Spellcasting   | 5 6 7 8 |  8.5
Conjurations   | 2 3 4 |  4.8
Poison Magic   | 1 |  1.3
Dodging        | 3 |  3.3
Air Magic      | 1 |  1.9
Fire Magic     | 1 |  1.6
Short Blades   | 1 |  1.4
Fighting       | |  0.2
Stealth        | |  2.4
Summonings     | |  1.5
Translocations | |  1.2
Evocations     | |  0.1

Action                   |  1- 3 |  4- 6 |  7- 9 || total
-------------------------+-------+-------+-------++-------
Melee: Dagger            |     2 |       |       ||     2
 Cast: Magic Dart        |   133 |   158 |    30 ||   321
       Conjure Flame     |       |    11 |     8 ||    19
       Mephitic Cloud    |       |     4 |     1 ||     5
       Blink             |       |     1 |     3 ||     4
Evoke: Wand              |       |     2 |       ||     2
Armor: Robe              |     7 |     1 |     1 ||     9
Dodge: Dodged            |    26 |    15 |     4 ||    45
